General information
- name: BNet
- type: Ladder team game (AT/RT)
- host: Battle.net
- saver: MOUNTNBLADESUK
map: Friends
- players: 8
- length: 45:42
- speed: Fast
- version: 1.26 W3XP
- replay type: Public
» download(214 KB)
Players
team 1 (loser)
Kaelthas7 (
purple | 31 APM | 710 actions | 23:08)
2 Mountain King
1 Storm Bolt
1 Bash
1 Paladin
1 Holy Light
» actions
| Assign group hotkey | 9 | |
| Basic commands | 5 | |
| Build / train | 35 | |
| Enter build submenu | 11 | |
| Enter hero's abilities submenu | 3 | |
| Right click | 203 | |
| Select / deselect | 146 | |
| Select group hotkey | 276 | |
| Use ability | 22 | |
710 total
» units
» upgrades
| Gunpowder | 1 | |
| Masonry | 1 | |
| Armor | 1 | |
| Long Rifles | 1 | |
4 total
» buildings
| Altar of Kings | 1 | |
| Barracks | 2 | |
| Farm | 6 | |
| Lumber Mill | 1 | |
| Blacksmith | 1 | |
| Keep | 1 | |
12 total
» build order
00:21 Altar of Kings
00:27 Barracks
00:35 Farm
01:22 Farm
01:40 Lumber Mill
02:05 Farm
02:43 Blacksmith
02:49 Farm
03:33 Barracks
03:42 Farm
06:08 Keep
06:14 Farm
» items
| Scroll of Town Portal | 1 | |
| Potion of Healing | 1 | |
| Orb of Venom | 1 | |
| Orb of Lightning | 1 | |
4 total

»
MoonMist (
teal | 27 APM | 582 actions | 21:25)
5 Warden
2 Shadow Strike
3 Blink
» actions
| Basic commands | 147 | |
| Build / train | 59 | |
| ESC pressed | 10 | |
| Enter build submenu | 16 | |
| Enter hero's abilities submenu | 5 | |
| Give item / drop item | 2 | |
| Right click | 24 | |
| Select / deselect | 223 | |
| Use ability | 95 | |
582 total
» units
| Wisp | 18 | |
| Archer | 5 | |
| Dryad | 9 | |
| Druid of the Claw | 5 | |
| Goblin Zeppelin | 1 | |
38 total
» upgrades
| Strength of the Wild | 3 | |
| Reinforced Hides | 3 | |
| Abolish Magic | 1 | |
| Druid of the Claw Training | 2 | |
| Mark of the Claw | 1 | |
| Well Spring | 1 | |
11 total
» buildings
| Altar of Elders | 1 | |
| Moon Well | 6 | |
| Ancient of War | 1 | |
| Hunter's Hall | 1 | |
| Tree of Ages | 1 | |
| Ancient Protector | 2 | |
| Tree of Eternity | 1 | |
| Ancient of Lore | 2 | |
| Ancient of Wonders | 1 | |
| Tree of Life | 1 | |
17 total
» build order
00:20 Altar of Elders
00:23 Moon Well
01:12 Ancient of War
01:58 Moon Well
02:59 Moon Well
03:09 Hunter's Hall
03:53 Moon Well
04:08 Tree of Ages
04:31 Ancient Protector
04:36 Ancient Protector
06:52 Tree of Eternity
06:56 Ancient of Lore
06:58 Ancient of Lore
07:03 Ancient of Wonders
07:07 Moon Well
08:24 Moon Well
16:16 Tree of Life
» items
| Sobi Mask | 1 | |
| Boots of Quel'Thalas +6 | 1 | |
2 total
MOUNTNBLADESUK (
red | 61 APM | 2772 actions | 45:42)
7 Blademaster
3 Wind Walk
3 Critical Strike
1 Bladestorm
3 Paladin
2 Divine Shield
1 Holy Light
» actions
| Assign group hotkey | 55 | |
| Basic commands | 73 | |
| Build / train | 106 | |
| Enter build submenu | 41 | |
| Enter hero's abilities submenu | 10 | |
| Give item / drop item | 2 | |
| Remove unit from queue | 1 | |
| Right click | 1110 | |
| Select / deselect | 388 | |
| Select group hotkey | 782 | |
| Use ability | 202 | |
2772 total
» units
| Peon | 28 | |
| Grunt | 3 | |
| Wind Rider | 7 | |
| Goblin Shredder | 3 | |
| Goblin Zeppelin | 3 | |
| Troll Batrider | 7 | |
| Wisp | 6 | |
| Raider | 2 | |
59 total
» upgrades
| Reinforced Defenses | 1 | |
| Envenomed Spears | 1 | |
| Ranged Weapons | 3 | |
| Armor | 3 | |
| Liquid Fire | 1 | |
| Burning Oil | 1 | |
| Ensnare | 1 | |
11 total
» buildings
| Altar of Storms | 1 | |
| Orc Burrow | 6 | |
| Barracks | 1 | |
| Voodoo Lounge | 1 | |
| Stronghold | 5 | |
| War Mill | 2 | |
| Watch Tower | 61 | |
| Beastiary | 5 | |
| Fortress | 2 | |
| Hunter's Hall | 1 | |
| Ancient Protector | 6 | |
91 total
» build order
00:07 Altar of Storms
00:18 Orc Burrow
00:38 Barracks
01:29 Orc Burrow
01:59 Voodoo Lounge
03:00 Stronghold
03:26 War Mill
03:42 Orc Burrow
04:14 Orc Burrow
04:42 Watch Tower
04:43 Watch Tower
04:45 Watch Tower
06:07 Beastiary
06:09 Beastiary
07:56 Watch Tower
07:57 Watch Tower
07:57 Watch Tower
10:31 Fortress
10:52 Watch Tower
10:52 Watch Tower
10:53 Watch Tower
10:54 Watch Tower
11:40 Orc Burrow
12:12 Watch Tower
14:29 Watch Tower
14:29 Watch Tower
14:31 Watch Tower
14:31 Watch Tower
14:32 Watch Tower
14:32 Watch Tower
16:35 War Mill
17:25 Watch Tower
17:25 Watch Tower
17:26 Watch Tower
17:26 Watch Tower
17:27 Watch Tower
17:27 Watch Tower
17:28 Watch Tower
18:13 Beastiary
21:23 Watch Tower
21:24 Watch Tower
21:24 Watch Tower
21:24 Watch Tower
21:25 Watch Tower
21:25 Watch Tower
22:10 Watch Tower
22:10 Watch Tower
22:11 Watch Tower
23:13 Stronghold
23:13 Stronghold
23:19 Stronghold
23:20 Stronghold
23:27 Hunter's Hall
23:34 Watch Tower
23:34 Watch Tower
23:38 Beastiary
23:42 Watch Tower
23:42 Watch Tower
24:07 Watch Tower
24:08 Watch Tower
24:08 Watch Tower
24:11 Watch Tower
24:12 Watch Tower
24:44 Watch Tower
24:51 Orc Burrow
24:54 Watch Tower
24:58 Ancient Protector
24:59 Ancient Protector
24:59 Ancient Protector
24:59 Ancient Protector
25:20 Watch Tower
25:21 Watch Tower
25:58 Watch Tower
26:12 Beastiary
27:26 Watch Tower
28:49 Watch Tower
28:49 Watch Tower
28:49 Watch Tower
29:09 Watch Tower
29:09 Watch Tower
29:23 Watch Tower
29:31 Watch Tower
29:31 Watch Tower
29:33 Watch Tower
29:33 Watch Tower
29:34 Watch Tower
29:35 Watch Tower
» items
| Healing Salve | 3 | |
| Lesser Clarity Potion | 1 | |
| Orb of Lightning | 1 | |
| Tiny Great Hall | 3 | |
| Scroll of Town Portal | 2 | |
| Potion of Healing | 1 | |
11 total
google_ (
pink | 41 APM | 925 actions | 22:38)
5 Blademaster
2 Wind Walk
3 Critical Strike
» actions
| Build / train | 53 | |
| Enter build submenu | 23 | |
| Enter hero's abilities submenu | 5 | |
| Right click | 471 | |
| Select / deselect | 330 | |
| Use ability | 43 | |
925 total
» units
| Peon | 13 | |
| Grunt | 6 | |
| Shaman | 6 | |
| Goblin Shredder | 1 | |
| Goblin Zeppelin | 1 | |
| Tauren | 5 | |
| Troll Witch Doctor | 2 | |
34 total
» upgrades
| Melee Weapons | 2 | |
| Berserker Strength | 1 | |
| Armor | 2 | |
| Shaman Training | 2 | |
| Witch Doctor Training | 2 | |
| Pulverize | 1 | |
10 total
» buildings
| Altar of Storms | 1 | |
| Orc Burrow | 7 | |
| Barracks | 1 | |
| War Mill | 1 | |
| Voodoo Lounge | 1 | |
| Stronghold | 1 | |
| Spirit Lodge | 2 | |
| Fortress | 1 | |
| Tauren Totem | 2 | |
| Watch Tower | 4 | |
| Great Hall | 2 | |
23 total
» build order
00:54 Altar of Storms
01:06 Orc Burrow
01:28 Barracks
01:50 Orc Burrow
02:19 War Mill
02:41 Voodoo Lounge
04:17 Orc Burrow
04:20 Stronghold
06:10 Orc Burrow
06:51 Spirit Lodge
06:52 Fortress
07:00 Orc Burrow
07:33 Spirit Lodge
09:53 Tauren Totem
09:55 Tauren Totem
12:18 Watch Tower
13:06 Great Hall
14:00 Orc Burrow
14:24 Watch Tower
15:48 Watch Tower
16:49 Great Hall
17:13 Watch Tower
18:08 Orc Burrow
» items
team 2 (winner)
wolfmam (
orange | 36 APM | 1277 actions | 35:13)
7 Crypt Lord
1 Spiked Carapace
3 Carrion Beetles
2 Impale
1 Locust Swarm
5 Death Knight
3 Death Coil
1 Unholy Aura
1 Death Pact
» actions
| Basic commands | 3 | |
| Build / train | 60 | |
| Enter build submenu | 20 | |
| Enter hero's abilities submenu | 12 | |
| Right click | 640 | |
| Select / deselect | 470 | |
| Use ability | 72 | |
1277 total
» units
| Acolyte | 5 | |
| Ghoul | 6 | |
| Crypt Fiend | 4 | |
| Frost Wyrm | 16 | |
31 total
» upgrades
| Web | 1 | |
| Freezing Breath | 1 | |
| Burrow | 1 | |
| Creature Attack | 3 | |
| Creature Carapace | 2 | |
8 total
» buildings
| Ziggurat | 9 | |
| Altar of Darkness | 1 | |
| Crypt | 1 | |
| Nerubian Tower | 2 | |
| Graveyard | 1 | |
| Halls of the Dead | 1 | |
| Sacrificial Pit | 1 | |
| Black Citadel | 1 | |
| Boneyard | 3 | |
20 total
» build order
00:16 Ziggurat
00:19 Altar of Darkness
00:26 Crypt
01:15 Ziggurat
02:08 Nerubian Tower
02:36 Graveyard
03:40 Halls of the Dead
04:07 Ziggurat
04:55 Ziggurat
06:07 Sacrificial Pit
06:09 Black Citadel
06:14 Ziggurat
08:51 Boneyard
09:13 Boneyard
09:17 Boneyard
09:22 Ziggurat
10:53 Ziggurat
12:39 Ziggurat
14:38 Ziggurat
18:03 Nerubian Tower
» items
| Potion of Healing | 1 | |
| Scroll of Regeneration | 1 | |
2 total
jasonsh8 (
yellow | 31 APM | 1438 actions | 45:42)
5 Dreadlord
2 Carrion Swarm
3 Vampiric Aura
6 Lich
3 Frost Armor
2 Frost Nova
1 Death and Decay
» actions
| Assign group hotkey | 41 | |
| Basic commands | 103 | |
| Build / train | 85 | |
| Enter build submenu | 31 | |
| Enter hero's abilities submenu | 12 | |
| Remove unit from queue | 2 | |
| Right click | 532 | |
| Select / deselect | 325 | |
| Select group hotkey | 239 | |
| Use ability | 68 | |
1438 total
» units
| Acolyte | 8 | |
| Ghoul | 13 | |
| Meatwagon | 3 | |
| Obsidian Statue | 6 | |
| Abomination | 12 | |
| Crypt Fiend | 3 | |
| Goblin Zeppelin | 1 | |
46 total
» upgrades
| Unholy Strength | 3 | |
| Unholy Armor | 3 | |
| Ghoul Frenzy | 1 | |
| Disease Cloud | 1 | |
| Web | 1 | |
| Destroyer Form | 1 | |
| Creature Attack | 2 | |
| Creature Carapace | 1 | |
13 total
» buildings
| Altar of Darkness | 1 | |
| Ziggurat | 9 | |
| Crypt | 2 | |
| Graveyard | 1 | |
| Halls of the Dead | 1 | |
| Nerubian Tower | 2 | |
| Tomb of Relics | 1 | |
| Spirit Tower | 4 | |
| Slaughterhouse | 3 | |
| Black Citadel | 3 | |
| Necropolis | 2 | |
29 total
» build order
00:15 Altar of Darkness
00:19 Ziggurat
00:43 Crypt
01:30 Graveyard
02:50 Halls of the Dead
03:14 Ziggurat
03:20 Ziggurat
03:29 Nerubian Tower
03:35 Tomb of Relics
04:35 Spirit Tower
05:13 Slaughterhouse
05:22 Slaughterhouse
05:28 Slaughterhouse
05:35 Ziggurat
05:38 Ziggurat
05:45 Ziggurat
06:40 Black Citadel
06:41 Black Citadel
13:42 Ziggurat
13:45 Ziggurat
14:01 Ziggurat
14:37 Crypt
14:49 Spirit Tower
14:56 Nerubian Tower
15:10 Spirit Tower
24:28 Spirit Tower
35:54 Necropolis
35:59 Necropolis
TheLoveShack (
blue | 49 APM | 2222 actions | 45:42)
8 Archmage
3 Summon Water Elemental
3 Brilliance Aura
1 Mass Teleport
1 Blizzard
» actions
| Assign group hotkey | 143 | |
| Basic commands | 316 | |
| Build / train | 115 | |
| Enter build submenu | 64 | |
| Enter hero's abilities submenu | 8 | |
| Give item / drop item | 1 | |
| Remove unit from queue | 10 | |
| Right click | 534 | |
| Select / deselect | 410 | |
| Select group hotkey | 477 | |
| Use ability | 144 | |
2222 total
» units
| Peasant | 19 | |
| Footman | 2 | |
| Rifleman | 12 | |
| Goblin Shredder | 2 | |
| Goblin Sapper | 2 | |
| Gryphon Rider | 18 | |
55 total
» upgrades
| Long Rifles | 1 | |
| Gunpowder | 3 | |
| Armor | 3 | |
| Lumber Harvesting | 2 | |
| Masonry | 3 | |
| Swords | 3 | |
| Animal War Training | 1 | |
| Storm Hammers | 1 | |
17 total
» buildings
| Altar of Kings | 1 | |
| Barracks | 2 | |
| Farm | 13 | |
| Lumber Mill | 2 | |
| Blacksmith | 1 | |
| Keep | 1 | |
| Scout Tower | 40 | |
| Guard Tower | 11 | |
| Castle | 1 | |
| Town Hall | 5 | |
| Arcane Vault | 1 | |
| Gryphon Aviary | 9 | |
87 total
» build order
00:40 Altar of Kings
00:45 Barracks
00:50 Farm
01:06 Farm
01:21 Lumber Mill
02:09 Blacksmith
02:38 Farm
02:40 Farm
02:44 Farm
02:48 Farm
02:50 Farm
03:52 Barracks
04:03 Keep
06:18 Scout Tower
06:19 Scout Tower
06:20 Scout Tower
06:26 Scout Tower
06:29 Scout Tower
06:59 Guard Tower
07:32 Castle
08:07 Town Hall
08:28 Farm
11:08 Arcane Vault
11:50 Lumber Mill
12:50 Scout Tower
12:51 Scout Tower
12:52 Scout Tower
12:53 Scout Tower
12:54 Scout Tower
12:56 Scout Tower
14:36 Town Hall
14:57 Guard Tower
15:15 Town Hall
18:23 Scout Tower
18:24 Scout Tower
18:26 Scout Tower
18:26 Scout Tower
18:28 Scout Tower
18:28 Scout Tower
20:05 Guard Tower
21:02 Guard Tower
22:07 Guard Tower
22:38 Town Hall
22:46 Gryphon Aviary
22:49 Gryphon Aviary
22:57 Gryphon Aviary
22:58 Gryphon Aviary
23:00 Gryphon Aviary
23:02 Gryphon Aviary
23:05 Gryphon Aviary
23:13 Gryphon Aviary
23:15 Gryphon Aviary
23:55 Scout Tower
23:56 Scout Tower
23:57 Scout Tower
23:58 Scout Tower
24:01 Scout Tower
24:02 Scout Tower
24:04 Scout Tower
24:05 Scout Tower
24:06 Scout Tower
24:07 Scout Tower
24:08 Scout Tower
24:31 Farm
24:31 Farm
24:32 Farm
24:34 Farm
24:37 Farm
25:26 Guard Tower
25:40 Guard Tower
25:43 Scout Tower
26:28 Guard Tower
28:09 Scout Tower
28:11 Scout Tower
28:12 Scout Tower
28:15 Scout Tower
28:16 Scout Tower
28:20 Scout Tower
28:22 Scout Tower
28:25 Scout Tower
28:26 Scout Tower
28:26 Scout Tower
28:29 Scout Tower
29:22 Guard Tower
29:27 Guard Tower
30:10 Guard Tower
42:12 Town Hall
» items
| Scroll of Regeneration | 1 | |
| Scroll of Town Portal | 1 | |
| Ivory Tower | 3 | |
| Ankh of Reincarnation | 1 | |
| Sobi Mask | 1 | |
| Alleria's Flute of Accuracy | 1 | |
| Potion of Divinity | 1 | |
| Healing Wards | 1 | |
10 total
bloodraid (
green | 13 APM | 372 actions | 27:34)
» actions
| Basic commands | 9 | |
| Build / train | 20 | |
| Enter build submenu | 15 | |
| Right click | 202 | |
| Select / deselect | 112 | |
| Use ability | 12 | |
372 total
» units
| Peon | 6 | |
| Grunt | 3 | |
| Troll Headhunter/Berserker | 5 | |
14 total
» upgrades
| Melee Weapons | 1 | |
| Ranged Weapons | 1 | |
| Spiked Barricades | 1 | |
| Armor | 1 | |
4 total
» buildings
| Altar of Storms | 1 | |
| Orc Burrow | 3 | |
| War Mill | 3 | |
| Barracks | 1 | |
| Great Hall | 1 | |
| Stronghold | 1 | |
| Beastiary | 1 | |
11 total
» build order
01:46 Altar of Storms
03:14 Orc Burrow
04:41 War Mill
07:42 War Mill
09:50 War Mill
11:32 Barracks
12:59 Orc Burrow
17:48 Great Hall
18:02 Orc Burrow
21:21 Stronghold
26:43 Beastiary
Chat log
(00:09 / Allies) MOUNTNBLADESUK: wyverns bats
(00:11 / All) google_: FHS
(00:29 / Allies) google_: im gonna xpand here
(00:31 / Allies) MoonMist: :]
(00:34 / All) TheLoveShack: LOVE SHACK BABY LOVE SHACK
(00:36 / Allies) google_: meow
(00:38 / Allies) MoonMist: mine
(00:41 / Allies) google_: sex baby
(00:45 / Allies) google_: mine
(00:55 / Allies) Kaelthas7: mine
(00:57 / Allies) Kaelthas7: all
(01:01 / Allies) google_: have sex
(01:03 / Allies) MoonMist: mine
(01:18 / Allies) Kaelthas7: all mine
(01:24 / Allies) MoonMist: lol
(01:30 / Allies) MoonMist: units?
(01:32 / Allies) Kaelthas7: lol
(01:34 / Allies) Kaelthas7: rifles
(01:36 / Allies) MOUNTNBLADESUK: wyverns bats u guys get melee
(01:40 / Allies) google_: tauren
(01:51 / Allies) MoonMist: bears. dryads
(02:08 / Allies) Kaelthas7: nice
(02:11 / Allies) Kaelthas7: we have dryads
(02:21 / Allies) google_: que?
(02:23 / Allies) Kaelthas7: they have 2 ud some1 will go frosts]
(02:30 / Allies) google_: uhm
(02:55 / Allies) google_: ice ice baby
(03:03 / Allies) MoonMist: im fuckn laggin wtf
(03:07 / Allies) google_: ol
(03:08 / Allies) google_: ol
(03:21 / Allies) google_: lets cc
(03:22 / Allies) google_: brother
(03:34 / Allies) MoonMist: lets doo it baby
(03:41 / Allies) google_: primero
(04:06 / Allies) MoonMist: after you myf riend
(04:25 / Allies) google_: si senor
(04:32 / Allies) google_: get pries
(04:57 / Allies) MOUNTNBLADESUK: wood niggas
(05:03 / Allies) google_: nah
(05:46 / Allies) google_: im getting food from outside 2nite
(05:50 / Allies) google_: 4 the pats game
(05:53 / Allies) google_: any ideas?
(06:02 / Allies) MoonMist: bbq wings bruh
(06:06 / Allies) MoonMist: budwisers
(06:12 / Allies) MoonMist: chips n salsa
(06:18 / Allies) google_: pizza?
(06:40 / Allies) google_: cc thier side
(06:46 / Allies) MoonMist: k
(06:49 / Allies) MOUNTNBLADESUK: stop fucking running purple wow
(06:56 / Allies) MOUNTNBLADESUK: cc
(07:32 / Allies) Kaelthas7: red give back plz
(07:36 / Allies) MOUNTNBLADESUK: suck my cock
(07:45 / Allies) Kaelthas7: ok
(07:47 / Allies) MoonMist: pink
(07:49 / Allies) google_: lemme heal
(07:51 / Allies) MoonMist: healing wards
(07:52 / Allies) MoonMist: here
(07:58 / Allies) google_: ok
(08:34 / Allies) google_: ty
(08:39 / Allies) MoonMist: anytime boi
(09:05 / Allies) MOUNTNBLADESUK: purple tking
(09:07 / Allies) MOUNTNBLADESUK: im taking his mine
(09:13 / Allies) google_: purple
(09:14 / Allies) Kaelthas7: u tked 1st ass
(09:17 / Allies) google_: stop u idiodt
(09:23 / Allies) MOUNTNBLADESUK: he took my itme
(09:28 / Allies) google_: omg
(09:44 / Allies) google_: they prob allredy cc
(10:00 / Allies) MOUNTNBLADESUK: we got this
(10:01 / Allies) MOUNTNBLADESUK: they suck
(10:05 / Allies) MoonMist: bunch of god damn women arguing n shit
(10:08 / Allies) Kaelthas7: red will tk u guys
(10:12 / Allies) MOUNTNBLADESUK: no i wont dumbass
(10:13 / Allies) MOUNTNBLADESUK: just u
(10:16 / Allies) MOUNTNBLADESUK: leave purple
(10:39 / All) Kaelthas7: guys
(10:44 / Allies) google_: so we can get zep
(10:44 / All) Kaelthas7: hit right side
(10:49 / All) Kaelthas7: purp is tkin
(10:54 / All) TheLoveShack: you are?
(10:55 / All) google_: u r?
(10:58 / All) google_: lol
(11:03 / All) Kaelthas7: lol
(11:07 / All) Kaelthas7: ;)
(11:22 / All) MOUNTNBLADESUK: give me ur wood purple and ill let u keep ur hero
(11:41 / Allies) MoonMist: share units pink
(11:43 / Allies) google_: take collar
(11:45 / Allies) MoonMist: take me with you
(11:52 / All) Kaelthas7: my base is down
(12:02 / Allies) google_: i give u zep
(12:06 / All) Kaelthas7: only red on right side
(12:13 / Allies) google_: its open teal come here
(12:25 / All) Kaelthas7: red is goin wyvs
(12:27 / Allies) google_: teal
(12:33 / Allies) MoonMist: sorry omw
(12:37 / Allies) google_: lol
(13:01 / All) Kaelthas7: u should hit right sire
(13:02 / Allies) google_: move
(13:17 / Allies) MoonMist: can i use zep?
(13:23 / Allies) google_: ill share
(13:25 / All) Kaelthas7: send a scout if u dont beleive
(13:29 / Allies) google_: ok
(13:41 / Allies) google_: it wont let me
(13:43 / Allies) MoonMist: lol wont let me
(13:49 / Allies) MoonMist: take away control
(13:51 / Allies) google_: srry
(13:54 / Allies) MoonMist: thanks anyways
(14:00 / Allies) MOUNTNBLADESUK: wood
(14:09 / Allies) google_: gold
(14:19 / Allies) google_: ty
(14:23 / All) Kaelthas7: ur letting red mass wyvs
(14:34 / Allies) google_: red upgrade
(14:36 / Allies) MoonMist: purp gtfo
(14:40 / Allies) google_: nd take mine
(14:42 / Allies) google_: take mine
(14:46 / Allies) google_: nd upgrade armor
(14:55 / Allies) google_: where's my zep
(15:04 / Allies) google_: nvm
(15:05 / Allies) google_: found it
(15:06 / Allies) MoonMist: fuck idk
(15:15 / Allies) google_: lol
(16:04 / Allies) Kaelthas7: is any1 gonna scout?
(16:53 / Allies) Kaelthas7: oj is goin frosts
(17:00 / All) TheLoveShack: hmm
(17:31 / Allies) MoonMist: lol
(17:32 / Allies) MoonMist: wasted tps
(17:34 / All) google_: u guys r stuck idiots
(17:45 / All) google_: fucking idiots ahaha
(17:52 / Allies) google_: attack
(17:54 / Allies) google_: red attack
(18:38 / Allies) MoonMist: meet
(18:40 / Allies) google_: teal attac
(19:02 / Allies) google_: help
(19:16 / Allies) google_: red
(19:18 / Allies) google_: we need u
(19:35 / Allies) google_: red?
(19:49 / Allies) Kaelthas7: i told ya he tks
(20:03 / Allies) google_: turn wells on
(20:20 / Allies) google_: wells
(20:24 / All) google_: gg
(20:28 / All) google_: red is a fucking idiot
(20:35 / All) Kaelthas7: NO REALLY
(20:44 / All) google_: red ur a fucking noo
(20:47 / All) Kaelthas7: I SAID THAT 15 MINS AGO
(20:47 / All) MOUNTNBLADESUK: game aint over
(20:54 / All) MOUNTNBLADESUK: i guarnatee u it aint over
(21:09 / All) google_: its ovver noob
(21:29 / All) Kaelthas7: lol
(21:35 / All) TheLoveShack: Rifles lost - 0
(21:41 / All) Kaelthas7: stupid allies backed a tker instead of me
(21:47 / All) google_: u lucky
(21:48 / All) google_: red sucks
(21:51 / All) google_: nd red tked
(21:53 / All) MOUNTNBLADESUK: it aint over
(21:54 / All) MOUNTNBLADESUK: pink
(21:55 / All) MOUNTNBLADESUK: stay
(21:57 / All) MOUNTNBLADESUK: i guarnatee u
(21:59 / All) MOUNTNBLADESUK: it aint over
(22:00 / All) Kaelthas7: lol well played
(22:15 / All) Kaelthas7: my team is full of retards and tkers :(
(22:28 / Allies) Kaelthas7: well gg
(22:29 / All) google_: lol
(22:30 / All) google_: yellow
(22:34 / All) Kaelthas7: gg
(22:58 / All) Kaelthas7: btw red is makin xps all of right side
(23:01 / All) Kaelthas7: top 2
(23:04 / All) Kaelthas7: gg :)
(25:40 / All) jasonsh8: nice work ace
(30:48 / All) MOUNTNBLADESUK: LEAVE PLZ LAWL
(32:12 / All) MOUNTNBLADESUK: u can leave thank u
(32:15 / All) MOUNTNBLADESUK: come again
(32:17 / All) TheLoveShack: Wtf, how'd we lose that a battle
(32:36 / All) TheLoveShack: I'm the IDIOT?
(32:39 / All) TheLoveShack: You guys lost 2v1!
(33:06 / All) MOUNTNBLADESUK: LEAVE
(33:14 / All) MOUNTNBLADESUK: I RAPED U 1V4
(33:41 / All) TheLoveShack: How can I be an idiot and a donkey?
(33:43 / All) TheLoveShack: Riddle me that
(33:46 / All) TheLoveShack: and a monkey black
(34:00 / All) TheLoveShack: I can only either be a donkey, or a monkey black, or an idiot
(34:06 / All) TheLoveShack: Donkeys can't be idiots
(34:15 / All) TheLoveShack: They're not even human
(34:56 / All) MOUNTNBLADESUK: FUCKIGN leave u suck lawl
(36:33 / All) TheLoveShack: Kill the bottom base
(36:35 / All) TheLoveShack: and top
(37:03 / All) MOUNTNBLADESUK: orange and yellow, i bet u 2 are ashamed
(37:07 / All) MOUNTNBLADESUK: you embarassed me
(38:21 / All) TheLoveShack: I had 5 expos
(38:27 / All) TheLoveShack: the dual expo at bottom
(38:29 / All) MOUNTNBLADESUK: damn
(38:31 / All) TheLoveShack: well 5 gold mines
(38:38 / All) MOUNTNBLADESUK: my team talked so much shit
(38:43 / All) TheLoveShack: lawls
(38:45 / All) TheLoveShack: My team was cool
(38:47 / All) TheLoveShack: Other than green
(38:52 / All) TheLoveShack: They helped me kill green
(39:04 / All) TheLoveShack: I feel a little bit bad for turning on them
(39:12 / All) MOUNTNBLADESUK: purple got pissed i took his sobi mask
(39:20 / All) TheLoveShack: lol
(39:22 / All) TheLoveShack: did he attack oyu first
(39:35 / All) MOUNTNBLADESUK: he militia tped me when he was RIGHT NEXT TO ME
(39:38 / All) MOUNTNBLADESUK: made no sense
(39:45 / All) TheLoveShack: lawls
(39:54 / All) TheLoveShack: did your team help against him
(40:00 / All) MOUNTNBLADESUK: no they just creeped
(40:08 / All) MOUNTNBLADESUK: called me and purp "children"
(40:45 / All) TheLoveShack: Farewell, yellow
(40:50 / All) MOUNTNBLADESUK: they just pissed me off
(40:53 / All) TheLoveShack: You were a good teammate, sorry it had to end in this fashion
(40:57 / All) MOUNTNBLADESUK: shoudl purp get loss?
(41:02 / All) MOUNTNBLADESUK: yellow if u leave u get a tie ok?
(41:04 / All) TheLoveShack: What are his stats
(41:15 / All) MOUNTNBLADESUK: 603-607
(41:19 / All) MOUNTNBLADESUK: plus he talked shit
(41:29 / All) TheLoveShack: Yellow is like 40 games below 50%
(41:45 / All) MOUNTNBLADESUK: uh
(41:46 / All) TheLoveShack: It's up to you. Yellow also gave me lumber instantly upon being asked.
(41:52 / All) MOUNTNBLADESUK: let me profile him ill see if he has mass games
(42:02 / All) TheLoveShack: This building has 47 health
(42:28 / All) MOUNTNBLADESUK: 266 303 46.75 %
(42:33 / All) MOUNTNBLADESUK: i say purple should lose
(42:35 / All) MOUNTNBLADESUK: i really hated my team
(42:46 / All) MOUNTNBLADESUK: they fucking whined and said "my expo" the entire game
(42:47 / All) TheLoveShack: I was fond of my tema
(42:55 / All) TheLoveShack: Yes let's get them losses
(43:03 / All) MOUNTNBLADESUK: we could just screw around in this game
(43:17 / All) TheLoveShack: Let's give yellow this win for being a good sport and your team a loss for being selfish cocksuckers
(43:21 / All) TheLoveShack: and start another game
(43:27 / All) TheLoveShack: oh football is soon
(43:32 / All) MOUNTNBLADESUK: yes i need to eat too
(43:42 / All) MOUNTNBLADESUK: one last battle where u at
(44:13 / All) MOUNTNBLADESUK: to
(45:18 / All) TheLoveShack: I had 2 ankhs as well
(45:32 / All) MOUNTNBLADESUK: i believe i shall leave